 Dungeon Crawl Stone Soup version 0.23.2-40-g277498a001 (webtiles) character file.

Game seed: 17189471494830707577

170 Curus the Insei (level 5, -16/37 HPs)
             Began as a Merfolk Transmuter on Sept 22, 2019.
             Demolished by an orc warrior
             ... wielding a +0 war axe
              (21 damage)
             ... on level 3 of the Dungeon.
             The game lasted 00:07:37 (1773 turns).

Curus the Insei (Merfolk Transmuter)                Turns: 1773, Time: 00:07:37

Health: -16/37     AC:  4    Str: 10    XL:     5   Next: 50%
Magic:  8/8        EV: 13    Int: 14    God:
Gold:   247        SH:  0    Dex: 14    Spells: 4/8 levels left

rFire    . . .     SeeInvis .     - Unarmed
rCold    + . .     Gourm    .   (no shield)
rNeg     . . .     Faith    .   b - +1 robe
rPois    .         Spirit   .   (no helmet)
rElec    .         Reflect  .   (no cloak)
rCorr    .         Harm     .   (no gloves)
MR       .....                  e - +0 pair of boots
Stlth    +.........             (no amulet)
HPRegen  0.12/turn              g - ring of protection from cold
MPRegen  0.11/turn              (no ring)

@: no status effects
A: change form in water, swift swim, stealthy swim
a: no special abilities


You were on level 3 of the Dungeon.
You were not hungry.

You visited 1 branch of the dungeon, and saw 3 of its levels.

You collected 247 gold pieces.

Inventory:

Missiles
 a - 38 arrows
Armour
 b - a +1 robe (worn)
 e - a +0 pair of boots (worn)
Jewellery
 g - a ring of protection from cold (left hand)
 h - an uncursed ring of fire
Wands
 f - a wand of polymorph (9)
 l - a wand of random effects (15)
Scrolls
 i - 5 scrolls of identify
Potions
 c - 2 potions of curing
 k - 2 potions of flight
 m - a potion of agility
Comestibles
 d - 9 rations


   Skills:
 - Level 1.1 Fighting
 - Level 2.6 Dodging
 + Level 4.7 Unarmed Combat
 - Level 2.0 Spellcasting
 - Level 4.6 Transmutations
 - Level 2.9 Poison Magic


You had 4 spell levels left.
You knew the following spells:

 Your Spells              Type           Power        Failure   Level  Hunger
a - Beastly Appendage     Tmut           ##....       3%          1    ##.....
b - Spider Form           Tmut/Pois      ##........   16%         3    ####...

Your spell library contained the following spells:

 Spells                   Type           Power        Failure   Level  Hunger
 Sticks to Snakes         Tmut           ##......     5%          2    ###....
 Magic Dart               Conj           #...         24%         1    ##.....
 Blink                    Tloc           N/A          34%         2    ###....
 Call Imp                 Summ           #.......     34%         2    ###....
 Slow                     Hex            #.......     34%         2    ###....
 Mephitic Cloud           Conj/Pois/Air  #.......     43%         3    ####...
 Conjure Flame            Conj/Fire      #.......     56%         3    ####...
 Ice Form                 Ice/Tmut       #.......     67%         4    #####..
 Blade Hands              Tmut           ##........   69%         5    ######.


Dungeon Overview and Level Annotations

Branches:
Dungeon (3/15)

Altars:
Xom


Message History

A kobold comes into view.
The kobold shouts!
You hit the orc warrior but do no damage.
The orc warrior looks even sicker.
The orc warrior is lightly wounded.
The orc warrior hits you with a +0 war axe!
* * * LOW HITPOINT WARNING * * *
The orc wizard points at you and mumbles some strange words.
The puff of frost misses you.
Your transformation is almost over.
The orc wizard mumbles some strange words.
The orc wizard flickers and vanishes!
Deactivating autopickup; reactivate with Ctrl-A.
Your transformation has ended.
Your +0 pair of boots unmelds from your body.
Your +1 robe unmelds from your body.
The orc warrior looks more healthy.
The orc warrior hits you with a +0 war axe!!
Ouch! That really hurt!
You die...

#..........#
################
#..........#
#.............##
#..........#
#...(......(....
######.##..#
#.............## #..##.#
#............)#
##.##o#####.....#########
#.##.....#.....#
#.######o#.....# #o#
#@#.....# ##### #.##
#.##.#### #...#### #.K#
#.....# #.#...## ##.#
###...# #.###... #.##
#.#.# #.####.. #..# #.#.#
#....... ##.#
#.#.#####..#.... #.#
#.........รท#.### #.#
####.......#....# #


You could see an orc warrior.

Vanquished Creatures
  A scorpion (D:3)
  A gnoll (D:1)
  3 adders
  An ooze (D:3)
  2 dart slugs
  A leopard gecko (D:3)
  5 orcs (D:3)
  3 giant cockroaches
  7 goblins
  5 hobgoblins
  5 jackals
  3 ball pythons
  8 bats
  6 frilled lizards
  8 kobolds
  13 rats
72 creatures vanquished.

Notes
Turn   | Place    | Note
-------+----------+-------------------------------------------
     0 | D:1      | Curus the Merfolk Transmuter began the quest for the Orb.
     0 | D:1      | Reached XP level 1. HP: 15/15 MP: 3/3
   104 | D:1      | Reached XP level 2. HP: 19/21 MP: 5/5
   356 | D:1      | Reached XP level 3. HP: 16/26 MP: 6/6
   361 | D:1      | Learned a level 3 spell: Spider Form
   604 | D:2      | Reached skill level 1 in Poison Magic
  1001 | D:2      | Reached XP level 4. HP: 31/32 MP: 7/7
  1467 | D:3      | Found a shimmering altar of Xom.
  1605 | D:3      | Reached XP level 5. HP: 14/37 MP: 2/8
  1739 | D:3      | Noticed an orc warrior
  1773 | D:3      | Demolished by an orc warrior

Skill      XL: |  1  2  3  4 |
---------------+-------------+-----
Unarmed Combat | 4 |  4.7
Transmutations | 3 4 |  4.6
Poison Magic   | 1 2 |  2.9
Fighting       | |  1.1
Dodging        | |  2.6
Spellcasting   | |  2.0

Action                   |  1- 3 |  4- 6 || total
-------------------------+-------+-------++-------
Melee: Unarmed           |   124 |    79 ||   203
       Headbutt          |     6 |       ||     6
       Punch             |     3 |     2 ||     5
 Cast: Beastly Appendage |    10 |     3 ||    13
       Spider Form       |       |     3 ||     3
  Use: Potion            |     4 |     2 ||     6
       Scroll            |     2 |     2 ||     4
 Stab: Sleeping          |     2 |     2 ||     4
  Eat: Chunk             |       |     4 ||     4
Armor: Robe              |    19 |    13 ||    32
Dodge: Dodged            |    66 |    54 ||   120
